 Dungeon Crawl Stone Soup version 0.29.0-4-gdea44cf6ec (webtiles) character file.

Game seed: 17947992030727926138

100 qw the Chopper (level 4, 0/26 HPs)
             Began as a Tengu Warper on Aug 28, 2022.
             Slain by a gnoll
             ... wielding a +0 spear
              (1 damage)
             ... on level 3 of the Dungeon.
             The game lasted 00:00:13 (2238 turns).

qw the Chopper (Tengu Warper)                       Turns: 2238, Time: 00:00:13

Health: 0/26       AC:  5    Str: 14    XL:     4   Next: 74%
Magic:  8/8        EV: 11    Int: 13    God:
Gold:   55         SH:  0    Dex: 13    Spells: 7/7 levels left

rFire   . . .      SeeInvis .   Y - +0 hand axe
rCold   . . .      Faith    .   (no shield)
rNeg    . . .      Spirit   .   e - +0 ring mail
rPois   .          Reflect  .   (helmet restricted)
rElec   .          Harm     .   (no cloak)
rCorr   .          Rampage  .   (no gloves)
Will    .....                   (boots unavailable)
Stlth   +.........              (no amulet)
HPRegen 0.08/turn               (no ring)
MPRegen 0.11/turn               (no ring)

@: no status effects
A: beak, talons 3
a: no special abilities


You were on level 3 of the Dungeon.
You visited 1 branch of the dungeon, and saw 3 of its levels.

You collected 55 gold pieces.


Innate Abilities, Weirdness & Mutations

You have a beak for a mouth.
You have claws for feet.


   Skills:
 - Level 2.0 Fighting
 + Level 5.3 Axes
 - Level 1.0 Throwing
 - Level 1.1 Armour
 - Level 2.1 Dodging
 - Level 2.0 Spellcasting
 - Level 2.4 Translocations


You had 7 spell levels left.
You didn't know any spells.
Your spell library contained the following spells:

 Spells                   Type           Power      Damage    Failure   Level
 Blink                    Tloc           14%        N/A       30%         2
 Gell's Gravitas          Tloc           7%         N/A       52%         3
 Lesser Beckoning         Tloc           7%         N/A       52%         3
 Teleport Other           Tloc           7%         N/A       52%         3
 Manifold Assault         Tloc           7%         N/A       99%         5

Inventory:

Hand Weapons
 f - a +0 whip
 Y - a +0 hand axe (weapon)
Armour
 e - a +0 ring mail (worn)
Scrolls
 a - a scroll of identify
Potions
 b - a potion of might {unknown}
 c - a potion of lignification {unknown}
 d - a potion of haste
 g - a potion of flight {unknown}

Dungeon Overview and Level Annotations

Branches:
Dungeon (3/15)

Altars:


Message History

You climb downwards.
The giant cockroach closely misses you. The giant cockroach barely misses you.
There is a stone staircase leading up here.
A giant cockroach is nearby!
You hit the giant cockroach.
The giant cockroach is severely wounded.
The giant cockroach misses you.
You hit the giant cockroach.
You kill the giant cockroach!
You open the door.
You now have 55 gold pieces (gained 9).
There is an open door here.
There is a dry fountain here.
You see here a +1 vorpal spear. 2 gnolls come into view.
The gnoll shouts!
You hear a shout! x2
A gnoll comes into view. It is wielding a +0 spear.
A gnoll comes into view. It is wielding a +0 whip.
Found a scroll of identify.
The gnoll shouts!
The gnoll hits you from afar with a +0 spear.
The gnoll hits you with a +0 spear.
You barely miss the gnoll. You claw the gnoll. Your peck misses the gnoll.
The gnoll is moderately wounded.
You hit the gnoll.
A kobold comes into view. It is wielding a +0 dagger.
The gnoll hits you from afar with a +0 spear.
The gnoll hits you with a +0 whip. The gnoll barely misses you.
The kobold shouts!
You hit the gnoll.
The gnoll is severely wounded.
You hit the gnoll but do no damage. x2
The gnoll hits you from afar with a +0 spear.
The gnoll closely misses you. The gnoll hits you with a +0 whip.
The gnoll misses you.
You closely miss the gnoll. Your kick misses the gnoll.
The gnoll is severely wounded.
You barely miss the gnoll. You hit the gnoll.
The gnoll hits you from afar with a +0 spear.
You die...

#.... #...#
#?K.# #...#
#...# #.g.#
#.gg#
#g@.######.
+..........
####....#####
.........#
#####....#
###.##########
####..........#
#.............#
#.###.........#


You could see 4 gnolls and a kobold.

Vanquished Creatures
  4 adders
  A worm (D:2)
  A dart slug (D:1)
  8 ball pythons
  7 bats
  3 endoplasms
  3 giant cockroaches
  11 goblins
  3 hobgoblins
  7 kobolds
  2 quokkas (D:2)
  2 frilled lizards
  3 rats (D:1)
55 creatures vanquished.

Notes
Turn   | Place    | Note
-------+----------+-------------------------------------------
     0 | D:1      | qw the Tengu Warper began the quest for the Orb.
     0 | D:1      | Reached XP level 1. HP: 12/12 MP: 4/4
     0 | D:1      | 0 ||| qw: Version: 0.1-a-89-g26bdef1
     0 | D:1      | 0 ||| qw: Game counter: 646
     0 | D:1      | 0 ||| qw: Always use a shield: true
     0 | D:1      | 0 ||| qw: God list: Okawaru
     0 | D:1      | 0 ||| qw: Allow faded altars: false
     0 | D:1      | 0 ||| qw: Do Orc after D:15 true
     0 | D:1      | 0 ||| qw: Do second Lair branch before Depths: true
     0 | D:1      | 0 ||| qw: Lair rune preference: random
     0 | D:1      | 0 ||| qw: Plans: Normal
     0 | D:1      | 0 ||| PLANNING D:1-11
    73 | D:1      | 73 ||| Stepping ~*~*~tactically~*~*~ (stealth).
   136 | D:1      | 136 ||| Stepping ~*~*~tactically~*~*~ (hiding).
   147 | D:1      | Reached XP level 2. HP: 17/17 MP: 6/6
   152 | D:1      | Reached skill level 3 in Axes
   177 | D:1      | 177 ||| DROPPING +0 club.
   250 | D:1      | 250 ||| Stepping ~*~*~tactically~*~*~ (stealth).
   361 | D:1      | 361 ||| Stepping ~*~*~tactically~*~*~ (stealth).
   499 | D:1      | Reached XP level 3. HP: 21/21 MP: 7/7
   528 | D:1      | 528 ||| Stepping ~*~*~tactically~*~*~ (stealth).
   877 | D:1      | 877 ||| UPGRADING to +0 ring mail.
   887 | D:1      | 887 ||| DROPPING +0 leather armour.
   888 | D:1      | 888 ||| READING scroll labelled AGOOKHLANIN.
   889 | D:1      | 889 ||| READING scroll labelled LAFRIX UTOE.
   890 | D:1      | 890 ||| DRINKING 2 yellow potions.
   891 | D:1      | 891 ||| DROPPING scroll of blinking.
   920 | D:2      | Reached skill level 4 in Axes
  1225 | D:2      | 1225 ||| Stepping ~*~*~tactically~*~*~ (stealth).
  1226 | D:2      | 1226 ||| Stepping ~*~*~tactically~*~*~ (stealth).
  1330 | D:2      | Reached XP level 4. HP: 26/26 MP: 8/8
  1554 | D:2      | Reached skill level 5 in Axes
  1977 | D:3      | Found a faded altar of an unknown god.
  1985 | D:3      | 1985 ||| Stepping ~*~*~tactically~*~*~ (hiding).
  1987 | D:3      | 1987 ||| Stepping ~*~*~tactically~*~*~ (hiding).
  2012 | D:3      | 2012 ||| FLEEEEING.
  2013 | D:3      | 2013 ||| STAIRDANCE
  2237 | D:3      | HP: 5/26 [gnoll/+0 spear (2)]
  2237 | D:3      | HP: 1/26 [gnoll/+0 whip (4)]
  2238 | D:3      | Slain by a gnoll

Levels and vault maps discovered:
D:1:      minmay_arrival_four_houses, layout_basic, minmay_stone_trees_medium,
          minmay_misc_feat_five
D:2:      layout_loops_corners, item_on_display_a
D:3:      layout_basic, hellmonk_ecumenical_altar_run_dry

Skill      XL: |  1  2  3  4 |
---------------+-------------+-----
Axes           | 3 4 5 |  5.3
Fighting       | |  2.0
Throwing       | |  1.0
Armour         | |  1.1
Dodging        | |  2.1
Spellcasting   | |  2.0
Translocations | |  2.4

Action                   |  1- 3 |  4- 6 || total
-------------------------+-------+-------++-------
Melee: Hand axe          |    83 |    45 ||   128
       Kick              |    17 |    12 ||    29
       Peck              |     6 |     7 ||    13
Throw: Boomerang         |     7 |       ||     7
  Use: Scroll            |     2 |       ||     2
       Potion            |     1 |       ||     1
Armor: Leather armour    |     9 |       ||     9
       Ring mail         |    15 |    10 ||    25
Dodge: Dodged            |    52 |    21 ||    73

Table legend:
 A = Non-vault XP
 B = Vault XP
 C = Vault XP percentage of total XP
 D = Non-vault monster count
 E = Vault monster count
 F = Vault count percentage of total count
                 A         B        C        D         E       F
            +---------+---------+-------+---------+---------+-------
      Total |     144 |       0 |   0.0 |      55 |       0 |   0.0
            +---------+---------+-------+---------+---------+-------
        D:1 |      44 |       0 |   0.0 |      26 |       0 |   0.0
        D:2 |      81 |       0 |   0.0 |      25 |       0 |   0.0
        D:3 |      19 |       0 |   0.0 |       4 |       0 |   0.0
            +---------+---------+-------+---------+---------+-------
